 Dungeon Crawl Stone Soup version 0.23-a0-315-ga85b81c (webtiles) character file.

49534 Garbasso the Fencer (level 14, -3/199 HPs)
             Began as a Minotaur Gladiator on Oct 13, 2018.
             Was the Champion of Okawaru.
             Succumbed to a wolf spider's poison
             ... on level 1 of the Spider Nest.
             The game lasted 00:57:37 (17402 turns).

Garbasso the Fencer (Minotaur Gladiator)           Turns: 17402, Time: 00:57:38

Health: -3/199     AC: 27    Str: 22    XL:     14   Next: 16%
Magic:  13/13      EV:  2    Int:  5    God:    Okawaru [******]
Gold:   1158       SH:  0    Dex: 14    Spells: 13/13 levels left

rFire    . . .     SeeInvis .   O - +7 triple sword (flame)
rCold    . . .     Gourm    +   (shield currently unavailable)
rNeg     + + +     Faith    .   (armour currently unavailable)
rPois    +         Spirit   .   (helmet currently unavailable)
rElec    .         Reflect  .   (cloak currently unavailable)
rCorr    .         Harm     .   (gloves currently unavailable)
MR       +....     NoTele   +   (boots currently unavailable)
Stlth    +.........             t - amulet of the gourmand
HPRegen  0.43/turn              (no ring)
MPRegen  0.13/turn              v - ring of the Eight Stories {rPois rN+++}

@: lethally poisoned (-3 -> -36), tree-form
A: (retaliatory headbutt)
a: Heroism, Finesse, Renounce Religion


You were on level 1 of the Spider Nest.
You worshipped Okawaru.
Okawaru was exalted by your worship.
You were completely stuffed.
You were a tree.
You visited 4 branches of the dungeon, and saw 18 of its levels.
You visited the Abyss 1 time.

You collected 1158 gold pieces.

Inventory:

Hand Weapons
 O - a +7 triple sword of flaming (weapon)
Missiles
 e - 4 javelins of returning
 L - 6 steel tomahawks (quivered)
 N - 3 poisoned javelins
 R - 2 silver javelins
Armour
 c - a +1 hat (melded)
 i - a +1 pair of boots (melded)
 G - the +4 ring mail of Intercession (melded) {rC+ Regen+ Str+4 Dex+3}
   (You found it on level 7 of the Dungeon)

   It affects your strength (+4).
   It affects your dexterity (+3).
   It protects you from cold.
   It increases your rate of regeneration.
 Q - a +0 pair of gloves of archery (melded)
Jewellery
 s - an uncursed amulet of rage
 t - an amulet of the gourmand (around neck)
 v - the ring of the Eight Stories (right branch) {rPois rN+++}
   (You found it on level 2 of the Lair of Beasts)

   [ring of poison resistance]

   It protects you from poison.
   It renders you almost immune to negative energy.
 w - an uncursed ring of protection from fire
 B - an uncursed ring of wizardry
 D - an uncursed ring of ice
 H - an uncursed ring of resist corrosion {unknown}
Wands
 a - a wand of flame (11)
 b - a wand of clouds (3)
 g - a wand of paralysis (11)
 p - a wand of digging (29)
 y - a wand of enslavement (12)
 C - a wand of iceblast (7)
 J - a wand of disintegration (22)
Scrolls
 h - 2 scrolls of magic mapping
 l - 14 scrolls of remove curse
 m - a scroll of fear
 o - 8 scrolls of teleportation
 z - a scroll of fog
 E - 3 scrolls of enchant armour
Potions
 k - a potion of brilliance
 r - 2 potions of cancellation
 u - 2 potions of haste
 x - a potion of might
 A - 2 potions of agility
 K - 2 potions of magic
 M - a potion of resistance
 P - 2 potions of flight
Miscellaneous
 j - a lamp of fire (inert)
 q - a lightning rod (4/4)
Comestibles
 f - 22 rations


   Skills:
 + Level 14.5 Fighting
 * Level 19.6 Long Blades
 - Level 2.0 Throwing
 + Level 14.3 Armour
 - Level 3.2 Dodging


You had 13 spell levels left.
You didn't know any spells.
Your spell library contained the following spells:

 Spells                   Type           Power        Failure   Level  Hunger
 Animate Skeleton         Necr           N/A          47%         1    ##.....
 Apportation              Tloc           #.....       47%         1    ##.....
 Confusing Touch          Hex            #.....       47%         1    ##.....
 Summon Small Mammal      Summ           #...         47%         1    ##.....
 Call Imp                 Summ           #.......     63%         2    ###....
 Call Canine Familiar     Summ           #.......     85%         3    ####...
 Confuse                  Hex            #.......     85%         3    ####...
 Gell's Gravitas          Tloc           #.........   85%         3    ####...
 Summon Guardian Golem    Hex/Summ       #.......     85%         3    ####...
 Cause Fear               Hex            #.........   99%         4    #####..
 Petrify                  Tmut/Erth      #.......     99%         4    #####..
 Summon Ice Beast         Ice/Summ       #.......     99%         4    #####..
 Summon Lightning Spire   Summ/Air       #.......     99%         4    #####..
 Metabolic Englaciation   Hex/Ice        #.........   100%        5    ######.
 Silence                  Hex/Air        #.........   100%        5    ######.
 Yara's Violent Unravell  Hex/Tmut       #.........   100%        5    ######.
 Deflect Missiles         Chrm/Air       #.........   100%        6    #######
 Discord                  Hex            #.........   100%        8    #######


Dungeon Overview and Level Annotations

Branches:
Dungeon (10/15)            Temple (1/1) D:7            Lair (6/6) D:8
 Shoals (0/4) Lair:4       Spider (1/4) Lair:2        Slime (0/5) Lair:6
    Orc: D:9-12

Altars:
Ashenzari
Cheibriados
Dithmenos
Elyvilon
Fedhas
Gozag
Hepliaklqana
Kikubaaqudgha
Makhleb
Nemelex Xobeh
Okawaru
Qazlal
Ru
Sif Muna
Trog
Uskayaw
Vehumet
Wu Jian
Xom
Yredelemnul
Zin
The Shining One
Jiyva

Annotations:
D:5 2 runed doors, Ratty's ghost, novice MiMo
Lair:5 exclusion: 5 oklob plants


Innate Abilities, Weirdness & Mutations

((You reflexively headbutt those who attack you in melee.))
((You have a pair of horns on your head.))


Message History

The tarantella barely misses you.
You're too confused!
Your magical effects are unravelling.
You feel magically purged.
You feel less confused.
* * * LOW HITPOINT WARNING * * *
You feel very sick. The wolf spider misses you.
The wolf spider bites you but does no damage.
The tarantella closely misses you.
You riposte.
You chop the tarantella into pieces!!! You burn the tarantella.
You kill the tarantella!
Okawaru accepts your kill. The tarantella barely misses you.
You turn into a tree.
Your +1 hat melds into your body.
Your +0 pair of gloves of archery melds into your body.
Your +1 pair of boots melds into your body.
The +4 ring mail of Intercession {rC+ Regen+ Str+4 Dex+3} melds into your body.
Your aim is not that steady anymore.
Your roots penetrate the ground.
You die...

..............
.............. .
.)............ ..
..........#.. ...
............ ....
...........#...
........s...#
.........♣..#
........s.######
#......##.#...#
##......<.....##
#..###.s......#
#.. #!........#
... ......[.....#
##...#...........
#. #...........


You could see a wolf spider and a tarantella.

Vanquished Creatures
  2 tentacled starspawn (Abyss:1)
  Snorg (Lair:6)
  8 hydras
  Urug (Lair:5)
  Sonja (Lair:2)
  An unseen horror (D:10)
  Pikel (D:9)
  A lindwurm (Lair:4)
  An orb spider (Lair:2)
  23 elephants
  A merfolk siren (Lair:4)
  A black mamba (Lair:4)
  10 spiny frogs
  A rime drake (Lair:4)
  7 komodo dragons
  4 polar bears (Lair:6)
  4 hornets (Lair:6)
  9 dream sheep
  28 blink frogs
  6 hippogriffs
  A shadow (Abyss:1)
  A tarantella (Spider:1)
  11 spriggans
  21 yaks
  2 wyverns (Lair:3)
  A human (D:6)
  2 basilisks
  3 hogs (D:6)
  2 hungry ghosts
  9 water moccasins
  10 porcupines
  2 ice beasts
  2 orc warriors
  5 black bears
  A sky beast (D:9)
  2 phantoms (D:6)
  3 ogres
  5 boggarts (Lair:6)
  20 wolves
  4 centaurs
  10 crocodiles
  11 bullfrogs
  2 scorpions
  7 wights
  A crimson imp (D:8)
  5 howler monkeys
  4 hounds
  A jelly (D:6)
  3 orc priests
  Terence (D:2)
  4 iguanas
  4 worker ants
  5 orc wizards
  A hound skeleton (D:6)
  A gnoll (D:1)
  A howler monkey skeleton (D:8)
  11 adders
  2 oozes
  2 worms
  2 dart slugs
  9 leopard geckos
  38 orcs
  6 giant cockroaches
  6 goblins
  7 hobgoblins
  2 jackals (D:2)
  5 kobolds
  4 quokkas
  A ball python (D:4)
  8 bats
  10 frilled lizards
  2 leopard gecko skeletons (D:6)
  2 quokka zombies
  9 rats
  A fungus (Lair:2)
  A starspawn tentacle (Abyss:1)
407 creatures vanquished.

Vanquished Creatures (others)
  A bush (Lair:4)
  22 fungi
  20 plants
  4 starspawn tentacles (Abyss:1)
47 creatures vanquished.

Grand Total: 454 creatures vanquished

Notes
Turn   | Place    | Note
-------+----------+-------------------------------------------
     0 | D:1      | Garbasso the Minotaur Gladiator began the quest for the
                  | Orb.
     0 | D:1      | Reached XP level 1. HP: 18/18 MP: 0/0
    61 | D:1      | Reached skill level 4 in Long Blades
    61 | D:1      | Reached XP level 2. HP: 25/25 MP: 1/1
   149 | D:1      | Reached skill level 1 in Armour
   786 | D:1      | Reached XP level 3. HP: 31/31 MP: 2/2
   981 | D:2      | Reached skill level 5 in Long Blades
   981 | D:2      | Reached XP level 4. HP: 24/38 MP: 3/3
  1559 | D:2      | Noticed Terence
  1566 | D:2      | Killed Terence
  1566 | D:2      | Reached XP level 5. HP: 46/46 MP: 4/4
  2523 | D:3      | Reached skill level 6 in Long Blades
  2979 | D:3      | Found a hazy altar of Hepliaklqana.
  2979 | D:3      | Found an ancient bone altar of Kikubaaqudgha.
  3138 | D:4      | Noticed an ice beast
  3150 | D:4      | Killed an ice beast
  3150 | D:4      | Reached XP level 6. HP: 27/53 MP: 5/5
  3328 | D:4      | Got a scintillating bronze ring
  3550 | D:4      | Found a bloodstained altar of Trog.
  3609 | D:4      | Found a shadowy altar of Dithmenos.
  3960 | D:4      | Reached skill level 7 in Long Blades
  4054 | D:5      | Entered Level 5 of the Dungeon
  4261 | D:5      | Reached skill level 5 in Fighting
  4261 | D:5      | Reached XP level 7. HP: 35/61 MP: 6/6
  4485 | D:5      | Found a runed door.
  4564 | D:5      | Found a runed door.
  4565 | D:5      | Noticed Ratty's ghost (novice MiMo)
  4576 | D:5      | Found a shimmering altar of Xom.
  4618 | D:5      | Reached skill level 8 in Long Blades
  5103 | D:6      | Identified the ring "Umeidom" {*Drain *Slow rC+ Str+4
                  | Slay+4} (You found it on level 4 of the Dungeon)
  5266 | D:6      | Reached skill level 5 in Armour
  5570 | D:6      | Reached XP level 8. HP: 68/70 MP: 7/7
  5707 | D:6      | Reached skill level 9 in Long Blades
  6282 | D:7      | Got an ichor-stained ring mail
  6285 | D:7      | Identified the +4 ring mail of Intercession {rC+ Regen+
                  | Str+4 Dex+3} (You found it on level 7 of the Dungeon)
  6422 | D:7      | Found a staircase to the Ecumenical Temple.
  6436 | Temple   | Entered the Ecumenical Temple
  6489 | Temple   | Became a worshipper of Warmaster Okawaru
  6554 | D:7      | Reached skill level 10 in Long Blades
  6904 | D:6      | Reached * piety under Okawaru
  6904 | D:6      | Reached XP level 9. HP: 62/79 MP: 8/8
  6939 | D:6      | Reached skill level 11 in Long Blades
  7591 | D:8      | Reached ** piety under Okawaru
  7601 | D:8      | Found a staircase to the Lair.
  7864 | Lair:1   | Entered Level 1 of the Lair of Beasts
  7877 | Lair:1   | Reached skill level 12 in Long Blades
  7961 | Lair:1   | Noticed a four-headed hydra
  7970 | Lair:1   | Killed a six-headed hydra
  7970 | Lair:1   | Reached *** piety under Okawaru
  7970 | Lair:1   | Reached XP level 10. HP: 27/91 MP: 6/9
  8338 | Lair:1   | Noticed a spiny frog
  8346 | Lair:1   | Killed a spiny frog
  8346 | Lair:1   | Reached **** piety under Okawaru
  8346 | Lair:1   | Received a gift from Okawaru
  8419 | Lair:1   | Reached skill level 13 in Long Blades
  8560 | Lair:1   | Noticed a spiny frog
  8570 | Lair:1   | Killed a spiny frog
  9172 | D:9      | Found an opulent altar of Gozag.
  9173 | D:9      | Noticed Pikel
  9185 | D:9      | Killed Pikel
  9226 | D:9      | Found a basalt altar of Yredelemnul.
  9377 | D:10     | Entered Level 10 of the Dungeon
  9623 | D:10     | Reached skill level 10 in Fighting
 10048 | D:10     | HP: 1/93 [something (6)]
 10056 | D:10     | Killed an unseen horror
 10056 | D:10     | Reached ***** piety under Okawaru
 10056 | D:10     | Reached skill level 14 in Long Blades
 10459 | Lair:1   | Reached skill level 10 in Armour
 10535 | Lair:2   | Noticed a four-headed hydra
 10544 | Lair:2   | Killed a six-headed hydra
 10544 | Lair:2   | Reached XP level 11. HP: 101/101 MP: 10/10
 10545 | Lair:2   | Was placed under penance by Okawaru
 10592 | Lair:2   | Noticed a four-headed hydra
 10600 | Lair:2   | Killed a four-headed hydra
 10600 | Lair:2   | Was forgiven by Okawaru
 10722 | Lair:2   | Noticed Sonja
 10743 | Lair:2   | Cast into level 1 of the Abyss (Sonja)
 10833 | Abyss:1  | Noticed a tentacled starspawn
 10842 | Abyss:1  | Killed a tentacled starspawn
 10842 | Abyss:1  | Reached skill level 15 in Long Blades
 10918 | Abyss:1  | Noticed a tentacled starspawn
 10926 | Abyss:1  | Killed a tentacled starspawn
 10928 | Lair:2   | Escaped the Abyss
 10951 | Lair:2   | Killed Sonja
 10951 | Lair:2   | Received a gift from Okawaru
 11016 | Lair:2   | Received a gift from Okawaru
 11029 | Lair:2   | Reached skill level 16 in Long Blades
 11029 | Lair:2   | Reached XP level 12. HP: 77/112 MP: 11/11
 11150 | Lair:2   | Got a crude bone ring
 11151 | Lair:2   | Identified the ring of the Eight Stories {rPois rN+++} (You
                  | found it on level 2 of the Lair of Beasts)
 11550 | Lair:2   | Noticed a five-headed hydra
 11559 | Lair:2   | Killed a nine-headed hydra
 11593 | Lair:2   | Received a gift from Okawaru
 11621 | Lair:2   | Noticed a five-headed hydra
 11637 | Lair:2   | Killed a ten-headed hydra
 11742 | Lair:2   | Found a hole to the Spider Nest.
 12560 | Lair:3   | Reached skill level 17 in Long Blades
 13413 | Lair:4   | Noticed a seven-headed hydra
 13559 | Lair:4   | Received a gift from Okawaru
 13690 | Lair:4   | Found a staircase to the Shoals.
 13755 | Lair:4   | Killed a nine-headed hydra
 14194 | Lair:4   | Reached XP level 13. HP: 115/122 MP: 12/12
 14257 | Lair:4   | Received a gift from Okawaru
 14558 | Lair:5   | Found a blossoming altar of Fedhas.
 14609 | Lair:5   | Reached skill level 18 in Long Blades
 14612 | Lair:5   | Received a gift from Okawaru
 14770 | Lair:5   | Noticed Urug
 14782 | Lair:5   | Killed Urug
 15301 | Lair:6   | Entered Level 6 of the Lair of Beasts
 15459 | Lair:6   | Noticed Snorg
 15468 | Lair:6   | Killed Snorg
 16108 | Lair:6   | Reached skill level 19 in Long Blades
 16473 | Lair:6   | Reached ****** piety under Okawaru
 16473 | Lair:6   | Received a gift from Okawaru
 16590 | Lair:6   | Received a gift from Okawaru
 16650 | Lair:6   | Reached XP level 14. HP: 133/133 MP: 13/13
 17088 | Lair:6   | Found a viscous altar of Jiyva.
 17089 | Lair:6   | Found a staircase to the Slime Pits.
 17384 | Spider:1 | Entered Level 1 of the Spider Nest
 17400 | Spider:1 | HP: 5/133 [poisoned by a wolf spider]
 17401 | Spider:1 | HP: 1/133 [poisoned by a wolf spider]
 17402 | Spider:1 | Succumbed to a wolf spider's poison

Vault maps used:
D:1:      lemuel_arrival_rhombus
D:2:      first_ration, uniq_terence
D:3:      gammafunk_temple_overflow_elements
D:4:      grunt_dithmenos_smoke_and_mirrors, minmay_misc_feat_doors, bloody_trog
D:5:      xom_teletrap_fun, ebering_ghost_sewer_f,
          chequers_serial_rivers_micro_e
D:6:      minivault_24
D:7:      minmay_temple_entry_trees, grunt_livestock, minivault_23
D:8:      dpeg_oklobed_lair
D:9:      old_standard_altar, nicolae_gozag_cash_rules_everything_around_me,
          uniq_pikel
D:10:     minmay_lizard_king
Temple:   kb_temple_of_zot
Lair:2:   nicolae_spider_entry_orb_guardian, uniq_sonja
Lair:3:   serial_bayou_shore_b
Lair:4:   minmay_shoals_entry_lonely_mermaid, infiniplex_staircase_pool
Lair:5:   dpeg_oklob_gauntlet, basic_altar, uniq_urug
Lair:6:   minmay_lair_end_enchanted_forest, dpeg_slime_entry_enclosed_altar,
          uniq_snorg
Abyss:1:  evilmike_abyss_exit_2

Skill      XL: |  1  2  3  4  5  6  7  8  9 10 11 12 13 |
---------------+----------------------------------------+-----
Long Blades    | 4 5 6 7 8 10 12 14 16 17 19 | 19.6
Armour         | 1 2 3 4 5 6 8 10 11 12 14 | 14.3
Fighting       | 3 4 5 6 7 9 10 11 13 14 | 14.5
Throwing       | |  2.0
Dodging        | |  3.2

Action                   |  1- 3 |  4- 6 |  7- 9 | 10-12 | 13-15 || total
-------------------------+-------+-------+-------+-------+-------++-------
Melee: Long sword        |    50 |   104 |    89 |       |       ||   243
       Headbutt          |     8 |     9 |    32 |   111 |   120 ||   280
       Great sword       |       |       |    82 |   337 |   267 ||   686
       Triple sword      |       |       |       |       |    51 ||    51
 Fire: Hunting sling     |       |    87 |    73 |       |       ||   160
Throw: Throwing net      |       |       |     2 |     3 |     3 ||     8
       Stone             |       |       |     8 |     8 |       ||    16
       Tomahawk          |       |       |       |    42 |    28 ||    70
       Javelin           |       |       |       |       |    20 ||    20
Invok: Heroism           |       |       |     1 |     8 |     7 ||    16
Evoke: Wand              |       |       |     3 |    20 |     1 ||    24
       Lamp of fire      |       |       |       |       |     1 ||     1
  Use: Potion            |     1 |       |       |     5 |     3 ||     9
       Scroll            |       |       |    15 |    15 |     6 ||    36
 Stab: Distracted        |       |       |       |     1 |       ||     1
  Eat: Chunk             |       |     7 |    30 |    22 |    11 ||    70
       Ration            |       |     1 |       |       |       ||     1
Armor: Chain mail        |    38 |    73 |    42 |       |       ||   153
       Ring mail         |       |       |    33 |   200 |   157 ||   390
Dodge: Dodged            |    31 |    48 |    96 |   245 |   259 ||   679
       Rpst.: Long sword |    12 |     8 |     7 |       |       ||    27
       Great sword       |       |       |    14 |    50 |    48 ||   112
       Triple sword      |       |       |       |       |    13 ||    13

Table legend:
 A = Non-vault XP
 B = Vault XP
 C = Vault XP percentage of total XP
 D = Non-vault monster count
 E = Vault monster count
 F = Vault count percentage of total count
                 A         B        C        D         E       F
            +---------+---------+-------+---------+---------+-------
      Total |   57357 |   13406 |  18.9 |     340 |      65 |  16.0
            +---------+---------+-------+---------+---------+-------
        D:1 |      58 |       0 |   0.0 |      26 |       0 |   0.0
        D:2 |     156 |      36 |  18.8 |      29 |       1 |   3.3
        D:3 |      60 |       0 |   0.0 |      17 |       0 |   0.0
        D:4 |     324 |       0 |   0.0 |      10 |       0 |   0.0
        D:5 |     527 |       0 |   0.0 |      14 |       0 |   0.0
        D:6 |     651 |     762 |  53.9 |      16 |       4 |  20.0
        D:7 |     868 |     196 |  18.4 |      24 |       1 |   4.0
        D:8 |     613 |       0 |   0.0 |      12 |       0 |   0.0
        D:9 |     438 |     652 |  59.8 |      15 |       2 |  11.8
       D:10 |    1454 |     307 |  17.4 |      14 |       8 |  36.4
     Lair:1 |    4238 |       0 |   0.0 |      14 |       0 |   0.0
     Lair:2 |   11282 |    1389 |  11.0 |      27 |       2 |   6.9
     Lair:3 |    4120 |       0 |   0.0 |      19 |       0 |   0.0
     Lair:4 |    6955 |     490 |   6.6 |      22 |       1 |   4.3
     Lair:5 |    3965 |    1622 |  29.0 |      19 |       6 |  24.0
     Lair:6 |   16681 |    7952 |  32.3 |      58 |      40 |  40.8
   Spider:1 |     219 |       0 |   0.0 |       1 |       0 |   0.0
    Abyss:1 |    4748 |       0 |   0.0 |       3 |       0 |   0.0
            +---------+---------+-------+---------+---------+-------
